 Dungeon Crawl Stone Soup version 0.15-a0-1950-gbc841a2 (webtiles) character file.

23 N00bl0rd the Vexing (level 3, -1/20 HPs)
             Began as a Kobold Arcane Marksman on July 9, 2014.
             Slain by a giant cockroach (2 damage)
             ... on Level 1 of the Dungeon.
             The game lasted 00:02:40 (445 turns).

N00bl0rd the Vexing (Kobold Arcane Marksman)         Turns: 445, Time: 00:02:40

HP  -1/20        AC  2     Str  9      XL: 3   Next: 10%
MP   1/5         EV 14     Int  8 (11) God:
Gold 29          SH  0     Dex 16      Spells:  2 memorised,  2 levels left

rFire  . . .     SeeInvis .     j - +1 dagger (drain)
rCold  . . .     Clarity  .     a - +0 robe
rNeg   . . .     rCorr    .     (no shield)
rPois  .         rRot     .     (no helmet)
rElec  .         Spirit   .     (no cloak)
SustAb .         Warding  .     (no gloves)
rMut   .         Stasis   .     (no boots)
Gourm  .                        (no amulet)
MR     .....                    (no ring)
                                (no ring)

@: very slightly contaminated, drained, not resistant to hostile enchantments,
very unstealthy
A: carnivore 3
a: no special abilities


You were on level 1 of the Dungeon.
You were completely stuffed.

You visited 1 branch of the dungeon, and saw 1 of its levels.

You collected 29 gold pieces.

Inventory:

Hand weapons
 b - a +0 crossbow
 j - a +1 dagger of draining (weapon)
Missiles
 c - 8 bolts
Armour
 a - a +0 robe (worn)
Comestibles
 f - a meat ration
 h - a royal jelly
 i - a slice of pizza
 l - a chunk of goblin flesh
 m - 3 chunks of hobgoblin flesh
Scrolls
 k - a scroll of noise {unknown}
Books
 d - a book of Debilitation

   Spells                             Type                      Level
   *Corona                            Hexes                        1
   *Slow                              Hexes                        2
   Inner Flame                        Hexes/Fire                   3
   Enslavement                        Hexes                        4
   Cause Fear                         Hexes                        4
   Leda's Liquefaction                Hexes/Earth                  4


   Skills:
 - Level 1.1(0.5) Fighting
 * Level 3.1(2.5) Crossbows
 + Level 2.4(1.8) Dodging
 * Level 1.6(1.0) Spellcasting
 * Level 3.3(2.6) Hexes


You had 2 spell levels left.
You knew the following spells:

 Your Spells              Type           Power        Failure   Level  Hunger
a - Corona                Hex            #......      17%         1    ##.....
b - Slow                  Hex            #.......     24%         2    ###....


Dungeon Overview and Level Annotations

Branches:
Dungeon (1/15)

Altars:


Innate Abilities, Weirdness & Mutations

You are small and have problems with some larger weapons.
You are carnivorous and can eat meat at any time.


Message History

The giant cockroach bites you.
* * * LOW HITPOINT WARNING * * *
You barely miss the jackal.
The jackal is moderately wounded.
The jackal bites you.
* * * LOW HITPOINT WARNING * * *
The giant cockroach bites you.
* * * LOW HITPOINT WARNING * * *
You closely miss the jackal.
The jackal is moderately wounded.
The jackal barely misses you. The giant cockroach misses you.
The jackal completely misses you.
Drink which item? (? for menu, Esc to quit)
You feel refreshed.
It was a potion of restore abilities.
The giant cockroach closely misses you. The jackal closely misses you.
Drink which item? (? for menu, Esc to quit)
There was something very wrong with that liquid!
You feel dopey.
It was a potion of degeneration.
The giant cockroach bites you.
You die...

.# #########
............######
.................#
.................#
.................# .#
#####.........# .#
#.......%.#
.#######........@####
...%.)%........sh(.......
########..........(..###
###### #...........(.#
..................(....
################..%....
#...... ##### ##....
#<#P# .


You could see a jackal and a giant cockroach.

Vanquished Creatures
  An ooze (D:1)
  A bat (D:1)
  3 goblins (D:1)
  2 hobgoblins (D:1)
  A kobold (D:1)
  A giant newt (D:1)
  8 jackals (D:1)
  2 rats (D:1)
19 creatures vanquished.

Vanquished Creatures (others)
  14 toadstools (D:1)
14 creatures vanquished.

Grand Total: 33 creatures vanquished

Notes
Turn   | Place    | Note
--------------------------------------------------------------
     0 | D:1      | N00bl0rd, the Kobold Arcane Marksman, began the quest for the Orb.
     0 | D:1      | Reached XP level 1. HP: 12/12 MP: 2/2
    70 | D:1      | Reached XP level 2. HP: 5/16 MP: 1/3
   310 | D:1      | Learned a level 2 spell: Slow
   363 | D:1      | Reached XP level 3. HP: 11/20 MP: 1/5
   442 | D:1      | HP: 1/20 [giant cockroach (1)]
   445 | D:1      | Slain by a giant cockroach

Action                   || total
-------------------------++-------
Melee: Dagger            ||     9
 Fire: Crossbow          ||    48
 Cast: Corona            ||     8
  Use: Potion            ||     2
  Eat: Chunk             ||     7
